 Dungeon Crawl Stone Soup version 0.23-a0-484-g29ba69c (webtiles) character file.

1902 galech the Chopper (level 8, 0/62 HPs)
             Began as a Demonspawn Fighter on Nov 30, 2018.
             Was a Follower of Okawaru.
             Slain by a wight
             ... wielding a cursed +3 battleaxe
              (6 damage)
             ... on level 6 of the Dungeon.
             The game lasted 00:05:51 (5970 turns).

galech the Chopper (Demonspawn Fighter)             Turns: 5970, Time: 00:05:51

Health: 0/62       AC: 15    Str: 17    XL:     8   Next: 94%
Magic:  0/8        EV:  4    Int: 14    God:    Okawaru [*.....]
Gold:   250        SH:  9    Dex: 14    Spells: 7/7 levels left

rFire    . . .     SeeInvis .   a - +0 war axe
rCold    . . .     Gourm    .   c - +0 shield
rNeg     . . .     Faith    .   q - +0 chain mail
rPois    .         Spirit   +   (helmet restricted)
rElec    .         Reflect  .   (no cloak)
rCorr    .         Harm     .   (no gloves)
MR       .....                  (no boots)
Stlth    ..........             (no amulet)
HPRegen  0.20/turn              t - +4 ring of intelligence
MPRegen  0.22/turn              (no ring)

@: sanguine armour, studying Shields, heavily drained
A: antennae 1, magic shield, magic regeneration, sanguine armour 1
a: Heroism, Renounce Religion


You were on level 6 of the Dungeon.
You worshipped Okawaru.
Okawaru was aware of your devotion.
You were not hungry.

You visited 2 branches of the dungeon, and saw 7 of its levels.

You collected 250 gold pieces.

Inventory:

Hand Weapons
 a - a +0 war axe (weapon)
Armour
 c - a +0 shield (worn)
 q - a +0 chain mail (worn)
Jewellery
 t - a +4 ring of intelligence (left hand)
Wands
 u - a wand of acid (8)
 y - a wand of polymorph (9)
 A - a wand of flame (38)
Scrolls
 g - 10 scrolls of teleportation {unknown}
 i - 4 scrolls of identify {unknown}
 k - 4 scrolls of remove curse {unknown}
 l - a scroll of fog {unknown}
 o - 2 scrolls of blinking {unknown}
 p - a scroll of magic mapping {unknown}
 r - a scroll of noise {unknown}
 v - a scroll of enchant armour {unknown}
 w - a scroll of immolation {unknown}
 x - a scroll of enchant weapon {unknown}
Potions
 b - 2 potions of agility {unknown}
 d - a potion of might
 e - 4 potions of heal wounds {unknown}
 h - a potion of resistance {unknown}
 j - 3 potions of curing {unknown}
 m - 2 potions of magic {unknown}
 s - 2 potions of lignification {unknown}
Books
 n - a manual of Shields
Comestibles
 f - 9 rations
 z - 3 chunks of flesh


   Skills:
 + Level 5.3(3.2) Fighting
 + Level 6.9(4.8) Axes
 + Level 5.7(3.6) Armour
 + Level 2.1(0.2) Dodging
 + Level 0.8(0.0) Stealth
 + Level 5.9(3.7) Shields


You had 7 spell levels left.
You didn't know any spells.
Your spell library contained the following spells:

 Spells                   Type           Power        Failure   Level  Hunger
 Confusing Touch          Hex            #.....       100%        1    ##.....
 Sandblast                Erth           #.....       100%        1    ##.....
 Passwall                 Tmut/Erth      #.......     100%        2    ###....
 Confuse                  Hex            #.......     100%        3    ####...
 Gell's Gravitas          Tloc           #.........   100%        3    ####...
 Stone Arrow              Conj/Erth      #.....       100%        3    ####...
 Petrify                  Tmut/Erth      #.......     100%        4    #####..
 Lee's Rapid Deconstruct  Erth           #.........   100%        5    ######.
 Metabolic Englaciation   Hex/Ice        #.........   100%        5    ######.
 Yara's Violent Unravell  Hex/Tmut       #.........   100%        5    ######.


Dungeon Overview and Level Annotations

Branches:
Dungeon (6/15)             Temple (1/1) D:5

Altars:
Ashenzari
Cheibriados
Elyvilon
Fedhas
Gozag
Hepliaklqana
Kikubaaqudgha
Makhleb
Nemelex Xobeh
Okawaru
Trog
Vehumet
Wu Jian
Xom
Yredelemnul
Zin

Shops:
D:4 }[


Innate Abilities, Weirdness & Mutations

You have a pair of small antennae on your head.
When hurt, damage is shared between your health and your magic reserves.
You regenerate magic rapidly.
When seriously injured, your bleeding wounds create armour. (AC +6)


Message History

The wight hits you with a cursed +3 battleaxe.
* * * LOW HITPOINT WARNING * * *
You feel drained.
* * * LOW HITPOINT WARNING * * *
Your shield and chain mail prevent you from hitting the wight.
The wight is lightly damaged.
You block the wight's attack.
You slash the wight!
The wight is severely damaged.
The wight hits you but does no damage.
You hit the wight.
The wight is almost destroyed.
You block the wight's attack.
Your shield and chain mail prevent you from hitting the wight.
The wight is almost destroyed.
You block the wight's attack.
You barely miss the wight.
The wight is almost destroyed.
The wight hits you with a cursed +3 battleaxe!
You die...

###.................
#...................
#.#...#.............
#.#....##.###...####
#.#.......# #...#
#.#.#.##### #...#
#.$...# #...#
###.### #...# #@#
#...# #z# ##.## #z#
.#


.zz ##. .. .. ..# You could see 4 wights.

Vanquished Creatures
  Pikel (D:5)
  Menkaure (D:5)
  2 slaves (D:5)
  3 centaurs
  5 ogres
  A bullfrog (D:6)
  A water moccasin skeleton (D:5)
  A scorpion (D:6)
  3 hounds
  4 orc priests
  An iguana (D:4)
  2 orc wizards
  A worker ant (D:4)
  3 gnolls (D:4)
  5 adders
  2 worms (D:3)
  3 dart slugs (D:2)
  6 leopard geckos
  22 orcs
  3 giant cockroaches
  4 goblins
  5 hobgoblins
  3 jackals (D:2)
  4 kobolds
  2 ball pythons
  13 bats
  9 frilled lizards
  A jackal skeleton (D:5)
  5 rats
116 creatures vanquished.

Vanquished Creatures (others)
  An orc (D:4)
1 creature vanquished.

Grand Total: 117 creatures vanquished

Notes
Turn   | Place    | Note
-------+----------+-------------------------------------------
     0 | D:1      | galech the Demonspawn Fighter began the quest for the Orb.
     0 | D:1      | Reached XP level 1. HP: 18/18 MP: 1/1
   178 | D:1      | Reached skill level 2 in Axes
   264 | D:1      | Gained mutation: You have a pair of small antennae on your
                  | head. [demonic ancestry]
   264 | D:1      | Reached XP level 2. HP: 23/24 MP: 2/2
   859 | D:2      | Gained mutation: When hurt, damage is shared between your
                  | health and your magic reserves. [demonic ancestry]
   859 | D:2      | Reached XP level 3. HP: 26/29 MP: 3/3
  1340 | D:2      | Gained mutation: When seriously injured, your bleeding
                  | wounds create armour. (AC +6) [demonic ancestry]
  1340 | D:2      | Reached XP level 4. HP: 30/35 MP: 4/4
  1602 | D:3      | Reached skill level 3 in Axes
  2160 | D:3      | Reached XP level 5. HP: 34/41 MP: 3/5
  2223 | D:3      | Reached skill level 1 in Dodging
  2277 | D:3      | Noticed a centaur
  2294 | D:3      | Killed a centaur
  2675 | D:4      | Gained mutation: You regenerate magic rapidly. [demonic
                  | ancestry]
  2675 | D:4      | Reached XP level 6. HP: 43/48 MP: 6/6
  2771 | D:3      | Reached skill level 4 in Axes
  2969 | D:4      | HP: 2/48 [centaur (3)]
  2972 | D:4      | Reached XP level 7. HP: 2/53 MP: 1/7
  3516 | D:4      | Found Urchi's Armour Boutique.
  3535 | D:4      | Found Ossueg's Gadget Boutique.
  3641 | D:5      | Entered Level 5 of the Dungeon
  3641 | D:5      | Found a bloodstained altar of Trog.
  3641 | D:5      | Found a white marble altar of Elyvilon.
  3787 | D:5      | Reached skill level 5 in Axes
  3822 | D:5      | Found a sparkling altar of Nemelex Xobeh.
  4124 | D:5      | Found a radiant altar of Vehumet.
  4237 | D:5      | Found a burning altar of Makhleb.
  4282 | D:5      | Noticed Menkaure
  4293 | D:5      | Killed Menkaure
  4674 | D:5      | Found a staircase to the Ecumenical Temple.
  4683 | Temple   | Entered the Ecumenical Temple
  4822 | Temple   | Became a worshipper of Warmaster Okawaru
  4886 | D:5      | Reached XP level 8. HP: 58/61 MP: 5/8
  4931 | D:5      | Reached skill level 6 in Axes
  5184 | D:4      | Noticed Pikel
  5318 | D:5      | Killed Pikel
  5318 | D:5      | Reached * piety under Okawaru
  5318 | D:5      | Reached skill level 5 in Fighting
  5318 | D:5      | Reached skill level 5 in Armour
  5318 | D:5      | Reached skill level 5 in Shields
  5970 | D:6      | Slain by a wight

Vault maps used:
D:1:      evilmike_arrival_hilbert_curve
D:4:      serial_shops, shop, nicolae_shop_behind_doors, first_ration,
          minmay_manual_mares, uniq_pikel
D:5:      vehumet_crystals, lemuel_round_altar, kennysheep_little_box,
          gammafunk_temple_overflow_pools, minmay_temple_entry_drinking_statues,
          uniq_menkaure
D:6:      uniq_edmund
Temple:   regret_index_temple_generic_petals

Skill      XL: |  1  2  3  4  5  6  7  8 |
---------------+-------------------------+-----
Axes           | 2 3 4 5 6 |  6.9
Armour         | 3 4 5 |  5.7
Shields        | 3 4 5 |  5.9
Dodging        | 1 2 |  2.1
Fighting       | 4 5 |  5.3
Stealth        | |  0.8

Action                   |  1- 3 |  4- 6 |  7- 9 || total
-------------------------+-------+-------+-------++-------
Melee: War axe           |   141 |   143 |   238 ||   522
Invok: Heroism           |       |       |     1 ||     1
  Use: Potion            |       |     2 |     1 ||     3
  Eat: Chunk             |     2 |     5 |    10 ||    17
Armor: Scale mail        |    79 |    33 |       ||   112
       Chain mail        |       |    70 |   115 ||   185
Dodge: Dodged            |    60 |    27 |    47 ||   134
Block: Shield            |    92 |    71 |   107 ||   270

Table legend:
 A = Non-vault XP
 B = Vault XP
 C = Vault XP percentage of total XP
 D = Non-vault monster count
 E = Vault monster count
 F = Vault count percentage of total count
                 A         B        C        D         E       F
            +---------+---------+-------+---------+---------+-------
      Total |    1653 |    1065 |  39.2 |     110 |       4 |   3.5
            +---------+---------+-------+---------+---------+-------
        D:1 |      37 |       0 |   0.0 |      20 |       0 |   0.0
        D:2 |      66 |       0 |   0.0 |      26 |       0 |   0.0
        D:3 |     287 |       0 |   0.0 |      30 |       0 |   0.0
        D:4 |     385 |     227 |  37.1 |      11 |       2 |  15.4
        D:5 |     627 |     838 |  57.2 |      15 |       2 |  11.8
        D:6 |     251 |       0 |   0.0 |       8 |       0 |   0.0
            +---------+---------+-------+---------+---------+-------
